 Dungeon Crawl Stone Soup version 0.31-a0-1388-g4b2ba238e7 (webtiles) character file.

Game seed: 7611026857292671964

6946 thriggle the Covert (level 11, -3/74 HPs)
             Began as an Octopode Shapeshifter on Dec 24, 2023.
             Was a High Priest of Trog.
             Slain by an ogre
             ... wielding a +0 halberd
              (22 damage)
             ... in a bailey.
             The game lasted 00:30:25 (7139 turns).

thriggle the Covert (Octopode Shapeshifter)         Turns: 7139, Time: 00:30:25

Health: -3/74      AC:  5    Str: 18    XL:     11   Next: 7%
Magic:  9/9        EV: 29    Int: 13    God:    Trog [*****.]
Gold:   193        SH:  0    Dex: 11    Spells: 10/10 levels left

rFire   . .          .
                       - Unarmed
rCold   . . .        (shield currently unavailable)
rNeg    . . .        C - +2 hat
rPois   .            (no amulet)
rElec   .            k - +5 ring of evasion
rCorr   .            t - +5 ring of evasion
SInv    .            M - ring of flight
Will    .....        (no ring)
Stlth   +++          (no ring)
HPRegen 0.32/turn    (no ring)
MPRegen 0.11/turn    (no ring)
                     (no ring)

%: no passive effects
@: flux-form, flying, glowing
A: glow, contaminating, almost no armour, amphibious, 8 rings, camouflage 1,
gelatinous body 1, nimble swimmer 1, tentacles, iridescent scales 1, low MP 1
a: Begin Untransformation, Renounce Religion, Berserk, Trog's Hand, Brothers in
Arms


You were in a bailey.
You worshipped Trog.
Trog was extremely pleased with you.
You were something dangerously unstable.
You visited 1 branch of the dungeon, and saw 9 of its levels.
You also visited: Bailey.

You collected 577 gold pieces.
You spent 384 gold pieces at shops.

Inventory:

Hand Weapons
 h - the +3 halberd "Ujoemoog" {flame, rCorr MP+9 Int+2 Stlth-}
   (You found it on level 9 of the Dungeon)

   Int+2:     It affects your intelligence (+2).
   MP+9:      It affects your magic capacity (+9).
   rCorr:     It protects you from acid and corrosion.
   Stlth-:    It makes you less stealthy.
 j - a +1 antimagic halberd
 n - a +0 rapier
 w - a +3 quarterstaff of chaos
 G - a +5 scimitar
 O - a +3 trident
Missiles
 f - 37 stones (quivered)
 o - 4 boomerangs
 B - 4 poisoned darts
 F - a curare-tipped dart
Armour
 C - a +2 hat (worn)
Jewellery
 k - a +5 ring of evasion (left tentacle)
 t - a +5 ring of evasion (right tentacle)
 M - a ring of flight (on tentacle)
Talismans
 b - a beast talisman
 c - a flux talisman (active)
Wands
 y - a wand of charming (13)
 A - a wand of roots (5)
 D - a wand of light (14)
 N - a wand of flame (33)
Scrolls
 i - a scroll of enchant weapon
 l - a scroll of torment {unknown}
 m - a scroll of immolation
 r - 2 scrolls of amnesia
 v - a scroll of blinking {unknown}
 x - 3 scrolls of teleportation {unknown}
 E - a scroll of poison {unknown}
 I - 2 scrolls of revelation
 J - a scroll of identify
 K - a scroll of silence
 L - a scroll of noise
Potions
 a - 2 potions of lignification
 d - a potion of resistance
 e - a potion of mutation
 g - a potion of magic
 q - 2 potions of enlightenment
 s - 4 potions of heal wounds
 u - 2 potions of curing
 z - 4 potions of might
 H - 2 potions of berserk rage {unknown}


   Skills:
 + Level 6.5 Fighting
 + Level 4.8 Throwing
 + Level 6.7 Dodging
 + Level 8.9 Stealth
 + Level 7.0 Unarmed Combat
 + Level 4.7 Evocations
 * Level 8.2 Shapeshifting


You had 10 spell levels left.
You didn't know any spells.
Your spell library was empty.

Dungeon Overview and Level Annotations

Branches:
Dungeon (9/15)             Temple (0/1) D:4          Bailey (1/1)
   Lair: D:8-11         Orc: D:9-12

Altars:
Ashenzari
Dithmenos
Elyvilon
Fedhas
Makhleb
Nemelex Xobeh
Qazlal
Ru
Trog
Xom
Yredelemnul

Shops:
D:6 ?

Annotations:
D:4 Menkaure


Innate Abilities, Weirdness & Mutations

You are something dangerously unstable.
You glow with magical radiation, making you easy to see and hit.
Foes you strike become dangerously contaminated with magical radiation.
You are incapable of wielding weapons or throwing items.
You cannot wear most types of armour.
You are amphibious.
You can wear up to eight rings at the same time.
Your skin changes colour to match your surroundings (Stealth+).
Your rubbery body absorbs attacks. (AC +1, EV +1)
You are camouflaged when in or above water. (Stealth+)
You have tentacles for arms and can constrict up to eight enemies at once.
You are partially covered in iridescent scales. (AC +2)
Your magical capacity is low. (-10% MP)


Message History

The spriggan misses you. The spriggan attacks as it pursues you!
The spriggan hits you from afar with a +0 spear.
The ogre shouts!
An ogre comes into view. It is wielding a +0 halberd.
The spriggan attacks as it pursues you!
The spriggan hits you from afar with a +0 spear!
The spriggan misses you. The spriggan completely misses you.
The spriggan attacks as it pursues you! The spriggan completely misses you.
The spriggan attacks as it pursues you! The spriggan closely misses you.
The spriggan barely misses you. The spriggan misses you.
The spriggan completely misses you. The spriggan barely misses you.
You barely miss the spriggan. You grab the spriggan. You squeeze the spriggan!
The spriggan is moderately wounded.
You constrict the spriggan.
The spriggan splashes around in the water.
The ogre completely misses you.
You bludgeon the spriggan!
The spriggan begins to glow.
The spriggan is severely wounded.
You constrict the spriggan. The spriggan closely misses you.
You tentacle-slap the spriggan.
The spriggan glows dangerously bright.
The spriggan is almost dead.
You constrict the spriggan.
You kill the spriggan!
Trog accepts your kill.
You hear a splash.
The ogre closely misses you. The ogre misses you.
Your Unarmed Combat skill increases to level 7!
The ogre attacks as it pursues you!
The ogre hits you from afar with a +0 halberd!
The ogre hits you from afar with a +0 halberd!
* * * LOW HITPOINT WARNING * * *
You barely miss the ogre. You squeeze the ogre.
The ogre is lightly wounded.
The ogre closely misses you.
The ogre hits you from afar with a +0 halberd!!
You die...

###.....###
##.........##
##...........##
#....∩...∩....#
#...........##
##.........##
###~~~~~###
#~~~~~#
##~Op~~##
##.......##
##..O......#
##..#######..#
##..## #..#
##..## #..#
#..## #.. #..#
.. #..#


You could see 2 ogres.

Vanquished Creatures
  A two-headed ogre (D:8)
  Pikel (D:4)
  A cyclops (D:7)
  A hornet (D:8)
  2 spriggans (Bailey)
  8 yaks (D:8)
  A steam dragon (D:8)
  2 water moccasins
  2 ice beasts
  A black bear (D:6)
  3 ogres
  3 centaurs
  2 phantoms
  A lemure (D:4)
  A kobold brigand (D:6)
  A bullfrog (D:6)
  3 scorpions
  14 wights
  8 killer bees (D:8)
  3 howler monkeys
  A vampire bat (D:3)
  A bombardier beetle (D:5)
  Crazy Yiuf (D:4)
  2 hounds (D:6)
  A jelly (D:5)
  8 orc priests
  A gnoll bouda (D:7)
  7 orc wizards
  Robin (D:4)
  9 adders
  6 gnolls
  8 ufetubi
  3 worms
  A dart slug (D:3)
  4 fire bats
  17 orcs
  2 spectral bats (D:3)
  3 bat skeletons (D:3)
  A bat zombie (D:3)
  7 endoplasms
  3 giant cockroaches
  19 goblins
  11 hobgoblins
  8 quokkas
  4 ball pythons
  13 bats
  A bat simulacrum (D:3)
  3 frilled lizards
  13 kobolds
  2 rats
220 creatures vanquished.

Notes
Turn   | Place    | Note
-------+----------+-------------------------------------------
     0 | D:1      | thriggle the Octopode Shapeshifter began the quest for the
                  | Orb.
     0 | D:1      | Reached XP level 1. HP: 13/13 MP: 1/1
    95 | D:1      | Reached XP level 2. HP: 18/18 MP: 2/2
   348 | D:1      | Gained mutation: You are partially covered in iridescent
                  | scales. (AC +2) [potion of mutation]
   348 | D:1      | Gained mutation: Your magical capacity is low. (-10% MP)
                  | [potion of mutation]
   412 | D:1      | Noticed a great orb of eyes
   414 | D:1      | Found a faded altar of an unknown god.
   416 | D:1      | Noticed a golden eye
   422 | D:1      | Noticed an eye of devastation
   422 | D:1      | Noticed a great orb of eyes
   427 | D:1      | Prayed at the altar of an unknown god.
   427 | D:1      | Became a worshipper of Trog the Wrathful
   427 | D:1      | Reached * piety under Trog
   537 | D:2      | Reached skill level 1 in Stealth
   537 | D:2      | Reached XP level 3. HP: 21/23 MP: 2/2
   937 | D:2      | Reached XP level 4. HP: 29/29 MP: 3/3
  1210 | D:3      | Found a sparkling altar of Nemelex Xobeh.
  1249 | D:3      | Found a basalt altar of Yredelemnul.
  1595 | D:3      | Noticed a phantom
  1605 | D:3      | Killed a phantom
  1606 | D:3      | Reached XP level 5. HP: 30/35 MP: 4/4
  1858 | D:3      | Reached ** piety under Trog
  1875 | D:3      | Reached XP level 6. HP: 41/41 MP: 5/5
  2089 | D:4      | Found a shadowy altar of Dithmenos.
  2149 | D:4      | Noticed Menkaure
  2214 | D:4      | Found a broken altar of Ashenzari.
  2221 | D:4      | Noticed Pikel
  2234 | D:4      | Killed Pikel
  2235 | D:4      | Reached skill level 5 in Stealth
  2235 | D:4      | Reached XP level 7. HP: 33/47 MP: 6/6
  2305 | D:4      | Found a staircase to the Ecumenical Temple.
  2477 | D:4      | Found a runed translucent door.
  2478 | D:4      | Noticed Crazy Yiuf
  2485 | D:4      | Killed Crazy Yiuf
  2538 | D:4      | Noticed Robin
  2549 | D:4      | Killed Robin
  2550 | D:4      | Reached XP level 8. HP: 50/54 MP: 7/7
  2566 | D:4      | Reached *** piety under Trog
  2812 | D:5      | Entered Level 5 of the Dungeon
  2841 | D:5      | Reached skill level 5 in Unarmed Combat
  2841 | D:5      | Reached skill level 5 in Shapeshifting
  3139 | D:5      | Reached skill level 1 in Throwing
  3825 | D:6      | Reached skill level 5 in Dodging
  3871 | D:6      | Reached XP level 9. HP: 47/59 MP: 8/8
  3985 | D:6      | Found a white marble altar of Elyvilon.
  3991 | D:6      | Reached skill level 1 in Evocations
  4034 | D:6      | Reached **** piety under Trog
  4250 | D:6      | Reached skill level 5 in Fighting
  4488 | D:6      | Found Orige's Magic Scroll Emporium.
  4499 | D:6      | Bought a scroll of revelation for 90 gold pieces
  4499 | D:6      | Bought 3 scrolls of identify for 72 gold pieces
  4499 | D:6      | Bought a scroll of silence for 114 gold pieces
  4502 | D:6      | Bought a scroll of identify for 24 gold pieces
  4502 | D:6      | Bought a scroll of amnesia for 48 gold pieces
  4502 | D:6      | Bought a scroll of noise for 12 gold pieces
  4502 | D:6      | Bought a scroll of identify for 24 gold pieces
  5346 | D:7      | Found a shimmering altar of Xom.
  5565 | D:7      | Found a sacrificial altar of Ru.
  5603 | D:7      | Reached XP level 10. HP: 58/66 MP: 9/9
  5664 | D:7      | Noticed a cyclops
  5675 | D:7      | Killed a cyclops
  6016 | D:8      | Found a stormy altar of Qazlal.
  6019 | D:8      | Noticed a two-headed ogre
  6042 | D:8      | Killed a two-headed ogre
  6046 | D:8      | Found a blossoming altar of Fedhas.
  6260 | D:8      | Found a burning altar of Makhleb.
  6260 | D:8      | Found the +5 robe of Misfortune {Harm *Corrode *Slow EV+5}
  6502 | D:8      | Reached ***** piety under Trog
  6772 | D:8      | Reached XP level 11. HP: 68/74 MP: 9/9
  6960 | D:9      | Found a flagged portal.
  6968 | D:9      | Identified the +3 halberd "Ujoemoog" {flame, rCorr MP+9
                  | Int+2 Stlth-}
  7089 | Bailey   | Entered a bailey
  7139 | Bailey   | Slain by an ogre

Illustrated notes

Levels and vault maps discovered:
D:1:      erik_arrival_cave_to_civilisation [erik_arrival_cave_to_hall],
          layout_rooms, hellmonk_ecumenical_altar_watching_god
D:2:      layout_rooms, minmay_misc_feat_enclosed
D:3:      layout_basic, old_standard_altar, nemelex_diamond_rough_becter,
          goddamned_bats
D:4:      layout_rooms, grunt_dithmenos_smoke_and_mirrors, old_standard_altar,
          minmay_temple_entry_slanted, uniq_crazy_yiuf_cottage, uniq_pikel,
          uniq_robin, uniq_menkaure
D:5:      layout_loops_ring, grunt_decor_resistance, kennysheep_path_1
D:6:      layout_basic, nicolae_elyvilon_temple_path, serial_shops,
          nicolae_lakefront_shop, minmay_ogre_servants
D:7:      layout_basic, regret_index_xom_of_box,
          nicolae_ru_great_annihilating_truth, grunt_ministairs_15,
          corner_web_ring, minmay_manual_maat
D:8:      layout_loops_ring, grunt_temple_overflow_forces_of_nature,
          bloody_makhleb, nicolae_letterblocks [nicolae_letter_subblock,
          nicolae_letter_subblock, nicolae_letter_subblock,
          nicolae_letter_subblock, nicolae_letter_subblock,
          nicolae_letter_subblock, nicolae_letter_subblock,
          nicolae_letter_subblock, nicolae_letter_subblock,
          nicolae_letter_subblock, nicolae_letter_subblock,
          nicolae_letter_subblock, nicolae_letter_subblock,
          nicolae_letter_subblock, nicolae_letter_subblock,
          nicolae_letter_subblock, nicolae_letter_subblock,
          nicolae_letter_subblock, nicolae_letter_subblock,
          nicolae_letter_subblock, nicolae_letter_subblock,
          nicolae_letter_subblock, nicolae_letter_subblock,
          nicolae_letter_subblock, nicolae_letter_subblock]
D:9:      layout_basic, trog_hazing_becter, nicolae_overflow_hidden_temple,
          enter_bailey_2, uniq_prince_ribbit1
Bailey:   bailey_polearm_enchanted_keep_hellmonk, bailey

Skill      XL: |  1  2  3  4  5  6  7  8  9 10 11 |
---------------+----------------------------------+-----
Stealth        | 1 2 3 5 6 7 8 |  8.9
Fighting       | 2 3 4 5 6 |  6.5
Dodging        | 3 4 5 6 |  6.7
Unarmed Combat | 4 5 6 7 |  7.0
Shapeshifting  | 4 5 6 8 |  8.2
Throwing       | 1 3 4 |  4.8
Evocations     | 2 4 |  4.7

Action                     |  1- 3 |  4- 6 |  7- 9 | 10-12 || total
---------------------------+-------+-------+-------+-------++-------
  Melee: Unarmed           |    47 |   107 |   242 |   141 ||   537
         Tentacles         |    10 |    20 |    58 |    37 ||   125
         Constrict         |    15 |    28 |    59 |    17 ||   119
         Punch             |     2 |     2 |    17 |     1 ||    22
  Throw: Stone             |       |       |    34 |       ||    34
 Invoke: Berserk           |     1 |       |       |     2 ||     3
Ability: Begin Untransform |       |       |       |     1 ||     1
    Use: Potion            |     1 |       |     3 |       ||     4
         Scroll            |       |       |     7 |     6 ||    13
   Stab: Sleeping          |     4 |    13 |    14 |     3 ||    34
 Armour: Skin              |    21 |    31 |    50 |    37 ||   139
  Dodge: Dodged            |    35 |   125 |   233 |   156 ||   549
   Form: Beast             |     1 |       |       |       ||     1
         Flux              |       |       |       |     1 ||     1

Table legend: (Time is in decaauts)
 A = Elapsed time spent in this place.
 B = Non-inter-level travel time spent in this place.
 C = Inter-level travel time spent in this place.
 D = Time resting spent in this place.
 E = Time spent auto-exploring this place.
 F = Levels seen in this place.
 G = Mean time per level.
                   A        B        C        D        E       F      G
               +--------+--------+--------+--------+--------+-----+--------+
         Total |   7119 |   6732 |    387 |    201 |   3902 |  10 |  711.9 |
       Dungeon |   7071 |   6684 |    387 |    201 |   3902 |   9 |  785.7 |
        Bailey |     48 |     48 |      0 |      0 |      0 |   1 |   48.0 |
               +--------+--------+--------+--------+--------+-----+--------+

Top non-repeatable levels by time:
     D:7: 1269 daAuts
     D:6: 1114 daAuts
     D:3: 1106 daAuts
     D:5: 939 daAuts
     D:8: 852 daAuts
     D:4: 634 daAuts
     D:2: 544 daAuts
     D:1: 526 daAuts
     D:9: 84 daAuts
  Bailey: 48 daAuts
